Cogmind - Beta 16 @@@ ROGUE MODE // 2025.11.24 @ 23:03:47 Player: OBLIQUE Result: Destroyed by D-53 Grenadier with Mini Grenade Launcher Performance ------------- Evolutions (0) 0 Regions Visited (2) 400 Robots Destroyed (17) 85 Value Destroyed (353) 353 Prototype IDs (0) 0 Alien Tech Used (0) 0 Bonus (0) 0 TOTAL SCORE: 838 Bonus ------- None Cogmind --------- Core Integrity 0/250 Matter 285/300 Energy 113/125 System Corruption 0% Temperature Cool (1) Movement Walking (260) Ox2 Location -10/Mines Parts ------- > --- POWER (1) -------- Light Ion Engine > --- PROPULSION (2) --- Light Treads Aluminum Leg > --- UTILITY (2) ------ Large Storage Unit > --- WEAPON (2) ------- Light Assault Rifle Rocket Launcher > --- INVENTORY (15) --- Aluminum Leg Carbon-fiber Leg Wheel Wheel Scrap Suit Large Storage Unit Large Matter Pod (150) Transport Network Coupler Propulsion Shielding Light Assault Rifle Light Assault Rifle Rocket Launcher Peak State ------------ > --- POWER ------------ Ion Engine > --- PROPULSION ------- Wheel Compact Wheel > --- UTILITY ---------- Large Storage Unit Structural Scanner > --- WEAPON ----------- Autogun Autogun > --- INVENTORY -------- Light Treads Light Treads Large Storage Unit Large Matter Pod Transport Network Coupler Propulsion Shielding Rocket Launcher Rocket Launcher [Rating: 10] Favorites ----------- Power Ion Engine Engine Ion Engine Propulsion Light Treads Treads Light Treads Leg Aluminum Leg Wheel Compact Wheel Utility Structural Scanner Device Structural Scanner Storage Large Storage Unit Weapon Autogun Energy Gun Small Laser Ballistic Gun Autogun Launcher Rocket Launcher Build | -11 -10 -10 ------- Run | Yrd Mat Min Slots Evolved . | . . . Power . | . . . Propulsion . | . . . Utility . | . . . Weapon . | . . . Parts Attached 17 | 5 7 5 Power 2 | 1 . 1 Engine 2 | 1 . 1 Core . | . . . Reactor . | . . . Propulsion 5 | 2 2 1 Treads 2 | . 2 . Leg 1 | . . 1 Wheel 2 | 2 . . Hover . | . . . Flight . | . . . Utility 3 | 1 2 . Device 1 | . 1 . Storage 2 | 1 1 . Processor . | . . . Hackware . | . . . Protection . | . . . Artifact . | . . . Weapon 7 | 1 3 3 Energy Gun 1 | . 1 . Energy Cannon . | . . . Ballistic Gun 5 | 1 2 2 Ballistic Cannon . | . . . Launcher 1 | . . 1 Special Weapon . | . . . Impact Weapon . | . . . Slashing Weapon . | . . . Piercing Weapon . | . . . Special Melee Weapon . | . . . Unidentified Prototypes . | . . . Parts Lost 7 | . 4 3 Power 1 | . 1 . Propulsion 3 | . 2 1 Utility 1 | . . 1 Weapon 2 | . 1 1 Highest Loss Streak 4 | . 4 3 To Critical Strikes . | . . . Average Backups 9 | 2 6 12 Power . | . . . Propulsion 2 | 1 1 4 Utility 3 | . 2 4 Weapon 2 | 1 2 3 Tool/Special . | . . . Unused Backups 11 | . 3 8 Power . | . . . Propulsion 1 | . . 1 Utility 6 | . 1 5 Weapon 4 | . 2 2 Tool/Special . | . . . Average Slot Usage (%) 92 | . 92 92 Engine 10 | . 12 9 Treads 16 | . 2 27 Wheel 11 | . 24 . Device 12 | . 11 13 Storage 14 | . 14 14 Energy Gun 1 | . 3 . Ballistic Gun 23 | . 21 24 Peak Build Rating 10 | 5 10 10 Average Rating 8 | 3 8 9 On Entrance 4 | . 5 7 Avg Prop Armor Cover (%) . | . . . Naked Turns . | . . . Heaviest Build 32 | 11 32 28 Greatest Support 40 | 26 40 40 Greatest Overweight (x) 2 | . 2 2 Average Overweight (x) . | . . . Largest Inventory Capacity 15 | 8 15 15 Average Capacity 13 | 7 12 15 Most Carried 15 | 5 12 15 Average Carried 10 | 3 6 13 Final Capacity 15 | 8 15 15 Final Carried 13 | 4 12 13 Class Distribution -------------------- 100% | Mutant Dominant Class ---------------- Mutant | -10/Materials Mutant | -10/Mines Resources | -11 -10 -10 ----------- Run | Yrd Mat Min Matter Collected 769 | 172 513 84 Remotely . | . . . Salvage Created 464 | . 396 68 Parts 35 | . 28 7 Haulers Intercepted . | . . . Recyclers Shooed . | . . . Parts Field Recycled . | . . . Retrieved Matter . | . . . Parts Self-Destructed . | . . . Prevented . | . . . Parts Restored . | . . . Kills | -11 -10 -10 ------- Run | Yrd Mat Min Combat Hostiles Destroyed 16 | . 13 3 Guns 16 | . 13 3 Classes Destroyed 3 | . 3 . Worker 1 | . 1 . Swarmer 8 | . 6 2 Grunt 8 | . 7 1 Best Kill Streak 7 | . 7 2 Combat Bots Only 6 | . 6 2 Max Kills in Single Turn 1 | . 1 1 Gunslinging . | . . . Exploded . | . . . Melee . | . . . Uniques/NPCs Destroyed . | . . . Combat | -11 -10 -10 -------- Run | Yrd Mat Min Hostile Shots Fired 103 | . 70 33 Missed 32 | . 21 11 Hits 71 | . 49 22 Projectile 71 | . 49 22 AOE 12 | . . 12 Damage Taken 1090 | . 507 583 Core 273 | . 88 185 Absorbed by Shields . | . . . Core Remaining (%) 100 | 100 . . Volleys Fired 48 | . 37 11 Largest 2 | . 2 2 Hottest 60 | . 60 43 Shots Fired 81 | . 60 21 Gun 81 | . 60 21 Cannon . | . . . Launcher . | . . . Special . | . . . Kinetic 76 | . 55 21 Thermal 5 | . 5 . Explosive . | . . . Electromagnetic . | . . . Robot Hit Streak 9 | . 9 8 Robot Miss Streak 2 | . 2 1 Penetration Max . | . . . Secondary Targets 4 | . 3 1 Max Gunslinging Chain 1 | . 1 1 Shots Hit Robots 63 | . 45 18 Core Hits 22 | . 17 5 Critical Kills . | . . . Critical Parts Destroyed . | . . . Critical Strikes . | . . . Melee Attacks . | . . . Impact . | . . . Slashing . | . . . Piercing . | . . . Sneak Attacks . | . . . Combat Hostiles . | . . . Follow-up Attacks . | . . . Damage Inflicted 947 | . 735 212 Guns 947 | . 735 212 Cannons . | . . . Explosions . | . . . Melee . | . . . Ramming . | . . . Kinetic 925 | . 713 212 Thermal 22 | . 22 . Explosive . | . . . Electromagnetic . | . . . Impact . | . . . Slashing . | . . . Piercing . | . . . Highest Corruption . | . . . Average Corruption . | . . . Corruption Purged . | . . . Corruption Blocked . | . . . Overload Shots . | . . . Overflow Damage . | . . . Projectiles . | . . . Explosions . | . . . Melee . | . . . Knockbacks . | . . . Impact . | . . . Kinetic . | . . . Secondary . | . . . Self-Inflicted Damage . | . . . Shots . | . . . Rammed . | . . . Targets Rammed . | . . . Kicked . | . . . Crushed . | . . . Highest Temperature 46 | . 46 5 Average Temperature 12 | . 13 2 Received Heat Transfer 282 | . 228 54 Siege Activations . | . . . Martial Activations . | . . . Shielding Activations . | . . . Robots Disrupted . | . . . Combat Hostiles . | . . . Robots Corrupted . | . . . Combat Hostiles . | . . . Parts Fried . | . . . Impact Corruptions . | . . . Robots Melted . | . . . Combat Hostiles . | . . . Parts Melted . | . . . Heat Transferred 50 | . 50 . Parts Sabotaged . | . . . Parts Stolen . | . . . Parts Stripped . | . . . Power Chain Reactions . | . . . Alert | -11 -10 -10 ------- Run | Yrd Mat Min Maximum Alert Level . | . . . Low Security (%) 100 | 100 100 100 Level 1 . | . . . Level 2 . | . . . Level 3 . | . . . Level 4 . | . . . Level 5 . | . . . High Security . | . . . Max Security . | . . . Peak Influence 146 | . 146 100 Initial 50 | . . 50 Average 30 | . 37 26 Influence Increases 488 | . 358 130 Destroy 0b10 Robot/C 320 | . 260 60 Destroy 0b10 Robot/NC 5 | . 5 . Destroy Leader 60 | . 50 10 Successful Hack 12 | . 12 . Destroy Structure 1 | . 1 . Partial Spotted 15 | . 15 . Lose Combat Pursuer 75 | . 15 60 Influence Decreases 488 | . 228 260 Entered New Map 80 | . . 80 Time Decay 368 | . 188 180 Lost Part 40 | . 40 . Squads Dispatched 4 | . 4 . Investigation 2 | . 2 . Extermination . | . . . Reinforcement 2 | . 2 . Assault . | . . . Garrison . | . . . Intercept . | . . . Searches Triggered . | . . . Construction Impeded . | . . . Haulers Reinforced . | . . . Active Scanning Responses . | . . . Cargo Convoy Interrupts . | . . . Stealth | -11 -10 -10 --------- Run | Yrd Mat Min Distress Signals 3 | . 3 . Communications Jammed . | . . . Distress Signals . | . . . Times Spotted 32 | . 23 9 Peak Tracking Total 10 | . 10 5 Tactical Retreats 4 | . 1 3 Traps | -11 -10 -10 ------- Run | Yrd Mat Min Traps Triggered 3 | . 3 . Indirectly . | . . . Trap Hack Attempts . | . . . Triggered . | . . . Disarmed . | . . . Reprogrammed . | . . . Reused . | . . . Traps Extracted . | . . . Installed . | . . . Triggered . | . . . Machines | -11 -10 -10 ---------- Run | Yrd Mat Min Machines Disabled . | . . . Max in Single Turn . | . . . Machines Repaired . | . . . Machines Dismantled . | . . . Machines Sabotaged . | . . . Overloaded Fab Kills . | . . . Hacking | -11 -10 -10 --------- Run | Yrd Mat Min Machines Accessed 3 | . 3 . Terminals 3 | . 3 . Fabricators . | . . . Repair Stations . | . . . Recycling Units . | . . . Scanalyzers . | . . . Garrison Access . | . . . Total Hacks 7 | . 7 . Successful 2 | . 2 . Failed 5 | . 5 . Catastrophic 3 | . 3 . Database Lockouts . | . . . Manual 7 | . 7 . Terminals 7 | . 7 . Fabricators . | . . . Repair Stations . | . . . Recycling Units . | . . . Scanalyzers . | . . . Garrison Access . | . . . Terminal Hacks 2 | . 2 . Robot Analysis 2 | . 2 . Fabricator Hacks . | . . . Repair Station Hacks . | . . . Recycling Unit Hacks . | . . . Scanalyzer . | . . . Garrison Access Hacks . | . . . Unauthorized Hacks . | . . . Terminals . | . . . Fabricators . | . . . Repair Stations . | . . . Recycling Units . | . . . Scanalyzers . | . . . Garrison Access . | . . . Data Cores Recovered . | . . . Used . | . . . Hacking Detections 3 | . 3 . Full Trace Events . | . . . Feedback Events . | . . . Feedback Blocked . | . . . Robot Schematics Acquired . | . . . Robots Built . | . . . Authchips . | . . . Time . | . . . Total Robot Build Rating . | . . . Part Schematics Acquired . | . . . Parts Built . | . . . Authchips . | . . . Time . | . . . Total Part Build Rating . | . . . Part Studies Acquired . | . . . Parts Repaired . | . . . Time . | . . . Parts Recycled . | . . . Recycled Matter . | . . . Retrieved Matter . | . . . Retrieved Components . | . . . Parts Scanalyzed . | . . . Part Schematics Acquired . | . . . Parts Damaged . | . . . Bothacking | -11 -10 -10 ------------ Run | Yrd Mat Min Used RIF Installer . | . . . Robots Hacked . | . . . Non-combat . | . . . Combat . | . . . Robot Hacks Applied . | . . . Relay Couplers Released . | . . . Fabnet Peak Effective % . | . . . Robots Rewired . | . . . Allies Hacked . | . . . Hacks Repelled . | . . . Allies | -11 -10 -10 -------- Run | Yrd Mat Min Total Allies 2 | . . 2 Largest Group 2 | . . 2 Highest-Rated Group 45 | . . 45 Highest-Rated Ally 31 | . . 31 Total Orders . | . . . Ally Attacks 1 | . . 1 Total Damage . | . . . Kills . | . . . Allies Corrupted . | . . . Allies Melted . | . . . Intel | -11 -10 -10 ------- Run | Yrd Mat Min Active Infowar (turns) 1067 | . 462 605 Structural 1067 | . 462 605 Robot Analysis Total 2 | . 2 . Derelict Logs Recovered 1 | . . 1 Drone Launches . | . . . Drone Recoveries . | . . . Exploration | -11 -10 -10 ------------- Run | Yrd Mat Min Turns Passed 1191 | 47 531 613 Spaces Moved 774 | 46 377 351 Core 19 | 19 . . Treads 372 | . 23 349 Legs 2 | . . 2 Wheels 381 | 27 354 . Hover . | . . . Flight . | . . . Fastest Speed 50 | 50 90 160 Average Speed 126 | 73 101 160 Slowest Speed 260 | 90 160 260 Overloaded Moves . | . . . Propulsion Burnouts . | . . . Robots Hopped . | . . . Potential Cave-ins . | . . . Cave-ins Triggered . | . . . Exploration Rate (%) 51 | 4 74 75 Regions Visited 2 Branch Regions 1 Pre-discovered Areas 1 | . . 1 Known Exits Taken . | . . . Unknown Exits Taken 2 | 1 1 . Scrap Searched 2 | . . 2 Spaces Dug . | . . . Terrain Destroyed . | . . . Melee . | . . . Projectile . | . . . AOE . | . . . Terrain Rammed . | . . . Walls Destroyed . | . . . Machines Disabled . | . . . Actions | -11 -10 -10 --------- Run | Yrd Mat Min Total 923 | 59 478 386 Wait 41 | . 28 13 Move 772 | 45 376 351 Hop . | . . . Pick Up 35 | 9 21 5 Fast Attach . | . . . Attach 16 | 5 7 4 Detach . | . . . Swap 4 | . 3 1 Drop 7 | . 6 1 Fire 48 | . 37 11 Melee . | . . . Ram . | . . . Kick . | . . . Crush . | . . . Escape Stasis . | . . . Rewire . | . . . Trap . | . . . Miscellaneous . | . . . Route ------- -11/Scrapyard -10/Materials (discovered 5 exits: *Mat x3 / [*Min x2]) -10/Mines (discovered 3 exits: *Mat x2 / [*Sub]) History --------- Turn | Location | Event 14 | -11/Scrapyard | Discovered new exit (range 15) 48 | -11/Scrapyard | Entered Materials 48 | -10/Materials | Discovered new exit (range 8) 142 | -10/Materials | Discovered new exit (range 9) 176 | -10/Materials | Discovered new exit (range 14) 282 | -10/Materials | Discovered new exit (range 15) 308 | -10/Materials | Build established: Mutant 449 | -10/Materials | Discovered new exit (range 10) 553 | -10/Materials | Lost 4 parts (1p2n1w) 579 | -10/Materials | Entered Mines 580 | -10/Mines | Learned location of Storage (-9) 603 | -10/Mines | Found a Scrap Suit stashed away for nefarious purposes 607 | -10/Mines | Found Scrap Suit 664 | -10/Mines | Discovered new exit (range 6) 856 | -10/Mines | Identified exit to Materials 1143 | -10/Mines | Discovered new exit (range 10) 1152 | -10/Mines | Assembled infested the area 1185 | -10/Mines | Core integrity fell below 50% 1191 | -10/Mines | Core integrity fell below 20% 1192 | -10/Mines | Destroyed by D-53 Grenadier with Mini Grenade Launcher Last Messages --------------- 00881_ K-01 Serf collects debris. 00896_ Searching scrap... 00896_ Found Hover Unit. 00896_ Found Mining Laser. 00896_ Found EM Pulse Gun. 00896_ Found Sml. Matter Pod. 00896_ Found 46 Matter. 01040_ K-01 Serf collects debris. 01143_ EXIT=FOUND 01152_ ALERT: Infestation in the mines, dispatching Demolisher response squad. 01179_ C-45 Heavy ARC bursts open, deploying its payload. 01179_ D-53 Grenadier unfolds itself. 01181_ 99-7US(g) destroyed. 01183_ Acquired Carbon-fiber Leg. 01184_ Structural Scanner destroyed. 01187_ Lgt. Treads destroyed. 01189_ The unstable cave ceiling collapses. 01189_ Autogun destroyed. Map ----- +----------------------------------------------------+ | | | | | | | | | | | | | | | | | | | | | | | | | | | | | ??????????######?????????????????????????????????? | | ????????#########????????????????????????????????? | | ????????### ####???????????????????????????????? | | #???????## ####??????????????????????????????? | | #???????## ###########??????????????????????? | | #???????## ###########?????????????????????? | | #?######## #### ###?????????????????????? | | ########## #### <##### #????????????????? | | ?### ### ##### ### ####????????????????? | | ?## ###?## ####??????????????? | | ### ##?### ####??????????????? | | ### ####### @ ##??????????????? | | # ###### ##??????????????? | | ## ## ###### ##??????????????? | | ###### t%r d t##??????????????? | | ! ##### d ##??????????????? | | !! #### ######## ####????????????? | | ### ########## # ##????????????? | | ##### ######## ?### ## ## ??????????? | | #### ######## ??## ########## ??????? | | ## ##????## ??? r ######### ????? | | # ??????## #####??????#######? ?????? | | # ##????## ##########?????????????????????? | | ## #####?## ########????????????????????????? | | ### ####### ##########??????????????????????? | | #### ##### ############???????????????????? | | ?### ######??????????????????? | | ??### ######???????????????? | | ???## ##???## ######??????????????? | | ###### ###???### ## ####?????????????? | | ####### |######### ### #####???????????? | | %######## ## ####???????????? | | ####### #### ### ## ##???????????? | | ####### ### #### ##### ### ??????? | | ??##### ### ##### ###### ### ???? | | ??## ### ###### ###?## #### ####???? | +----------------------------------------------------+ Best States ------------- Heat Dissipation 25 Energy Generation 10 Energy Capacity 250 Matter Stores 300 Matter Capacity 300 Sight Range 16 Terrain Scan Density 10 Evasion (%) 50 Recoil Reduction 2 Item Schematics ----------------- None Robot Schematics ------------------ None Fabricated ------------ Nothing Repaired ---------- Nothing Studied --------- None Alien Tech Used ----------------- None Achievements -------------- None Challenges ------------ None Game ------ Seed jelqfart Manual? 1 Play Time 00:17:13 Cumulative 30.1 hours Start 2025.11.24 @ 22:45:58 End 2025.11.24 @ 23:03:47 Sessions 1 Manual Loads 0 Difficulty Rogue Special Mode None Game No. 13 Rogue 13 Adventurer 0 Explorer 0 Win Type - Total 1 Types 1/0/0/0/0/0/0/0/0/0 Lore% 16 Gallery% 27 Achievement% 27 Wizard Run 0 Options --------- Layout 1 ASCII 0 Keyboard 0 Movement Numpad Keybinds 0 Fullscreen 1 Font 24/Smallcaps Map View 50x35 Zoom Use 0% Tactical HUD 1 Map Filters NONE Filters NONE Steam 1 RUN: 6751ba4f-3c95-4676-9a0b-5d0431fa2998